 Dungeon Crawl Stone Soup version 0.29-a0-977-g7483850d73 (webtiles) character file.

Game seed: 13211968953514018116

1487 Garessta the Magician (level 9, -1/65 HPs)
             Began as a Djinni Ice Elementalist on Aug 1, 2022.
             Was an Initiate of Makhleb.
             Slain by Grinder (5 damage)
             ... on level 6 of the Dungeon.
             The game lasted 00:15:25 (6505 turns).

Garessta the Magician (Djinni Ice Elementalist)     Turns: 6505, Time: 00:15:26

Health: -1/65      AC:  4    Str:  7    XL:     9   Next: 7%
Gold:   155        EV: 14    Int: 21    God:    Makhleb [......] SH:  0 Dex: 14

rFire   + + .      SeeInvis .   v - +6 dagger (freeze)
rCold   x . .      Faith    .   (no shield)
rNeg    . . .      Spirit   .   a - +0 robe
rPois   ∞          Reflect  .   D - +1 helmet
rElec   .          Harm     .   (no cloak)
rCorr   .          Rampage  .   (no gloves)
Will    ++...                   (boots unavailable)
Stlth   ++........              (no amulet)
HPRegen 0.20/turn               e - ring of willpower
MPRegen 0.00/turn               h - ring of willpower

@: flying
A: sickness immunity, fire resistance 2, cold vulnerability 1, float, innate
caster, HP casting, extra vitality 1
a: Renounce Religion


You were on level 6 of the Dungeon.
You worshipped Makhleb.
Makhleb was noncommittal.
You visited 2 branches of the dungeon, and saw 7 of its levels.

You collected 155 gold pieces.

Inventory:

Hand Weapons
 v - a +6 dagger of freezing (weapon)
Missiles
 p - 6 boomerangs
Armour
 a - a +0 robe (worn)
 D - a +1 helmet (worn)
Jewellery
 e - a ring of willpower (left hand)
 h - a ring of willpower (right hand)
Scrolls
 f - a scroll of acquirement {unknown}
 i - 2 scrolls of teleportation {unknown}
 j - a scroll of summoning {unknown}
 l - a scroll of enchant weapon {unknown}
 s - a scroll of blinking {unknown}
 t - a scroll of vulnerability {unknown}
 w - a scroll of magic mapping {unknown}
 y - a scroll of identify {unknown}
 A - a scroll of immolation {unknown}
 B - a scroll of torment {unknown}
 C - a scroll of fog {unknown}
Potions
 c - 6 potions of heal wounds {unknown}
 d - a potion of flight {unknown}
 g - 2 potions of lignification {unknown}
 k - 2 potions of brilliance {unknown}
 m - a potion of invisibility {unknown}
 n - a potion of berserk rage {unknown}
 o - a potion of degeneration {unknown}
 r - 2 potions of mutation {unknown}
 u - a potion of might {unknown}
 x - a potion of attraction {unknown}
 z - a potion of ambrosia {unknown}


   Skills:
 + Level 5.0 Fighting
 + Level 6.0 Dodging
 - Level 1.5 Stealth
 * Level 6.6 Spellcasting
 + Level 1.5 Invocations


You had one spell level left.
You knew the following spells:

 Your Spells              Type           Power      Damage    Failure   Level
a - Foxfire               Conj/Fire      100%       2x1d9     1%          1
b - Frozen Ramparts       Ice            68%        1d8       1%          3
c - Ozocubu's Armour      Ice            34%        N/A       1%          3
d - Hailstorm             Conj/Ice       34%        3d9       6%          4
e - Scorch                Fire           68%        2d8       1%          2
f - Wereblood             Tmut           34%        N/A       1%          2
g - Freeze                Ice            100%       1d11      1%          1
h - Iskenderun's Mystic   Conj/Tloc      34%        2d8       6%          4
Your spell library was empty.

Dungeon Overview and Level Annotations

Branches:
Dungeon (6/15)             Temple (1/1) D:5

Altars:
Ashenzari
Dithmenos
Elyvilon
Gozag
Hepliaklqana
Makhleb
Nemelex Xobeh
Okawaru
Qazlal
Ru
Trog
Uskayaw
Wu Jian
Xom
Yredelemnul
Zin
The Shining One

Annotations:
D:6 Grinder


Innate Abilities, Weirdness & Mutations

You are immune to sickness and miasma.
You are immune to poison.
Your flesh is very heat resistant. (rF++)
You are vulnerable to cold. (rC-)
You float through the air rather than walking.
You learn spells naturally, not from books.
Your magical power is your life essence.
You have superior vitality. (+4 MHP)


Message History

Press: ? - help, v - describe, . - travel The floor.
Press: ? - help, v - describe, . - travel The floor.
Press: ? - help, v - describe, . - travel
Here: Grinder The floor.
Throw: 6 boomerangs
Press: ? - help, Shift-Dir - straight line, f - Grinder
Aim: Grinder (57% to hit)
You throw a boomerang. The boomerang barely misses Grinder.
Flames lash Grinder.
Grinder is moderately wounded.
Grinder's fire resistance burns away.
Flames lash Grinder.
Grinder is burned terribly!
Grinder is moderately wounded.
Flames lash the orc.
You kill the orc!
Makhleb accepts your kill. Grinder hits you.
* * * LOW HITPOINT WARNING * * *
You writhe in agony.
* * * LOW HITPOINT WARNING * * *
Flames lash Grinder.
Grinder is moderately wounded.
* * * LOW HITPOINT WARNING * * *
Grinder hits you but does no damage.
Unknown command.
Flames lash Grinder.
Grinder is burned terribly!
Grinder is heavily wounded.
* * * LOW HITPOINT WARNING * * *
Grinder hits you but does no damage.
Unknown command.
Flames lash Grinder.
Grinder is burned terribly!
Grinder is heavily wounded.
* * * LOW HITPOINT WARNING * * *
Grinder hits you.
* * * LOW HITPOINT WARNING * * *
You writhe in agony.
You die...

#########.# ..
#))<.......
....###)#######..
#.....).....## .#
##..###[###@5.#..##
.......)....#.)....
#.#.##...##.).#..#.
#..>..###.......
#..#..## .##..#.
#.#.#..# )# :# # #
#..# .# # #... !.
.... .#


You could see Grinder (combustible).

Vanquished Creatures
  Sigmund (D:2)
  Duvessa (D:4)
  An ogre (D:5)
  3 phantoms
  A scorpion (D:5)
  5 wights
  Dowan (D:4)
  2 howler monkeys
  Jessica (D:2)
  3 iguanas (D:5)
  Natasha (twice) (D:3)
  An orc wizard (D:3)
  Robin (D:2)
  8 gnolls
  3 adders
  A shadow imp (D:6)
  An ufetubus (D:4)
  4 worms
  A dart slug (D:3)
  14 orcs
  4 ball pythons
  6 bats
  8 endoplasms
  14 giant cockroaches
  11 goblins
  14 hobgoblins
  A jackal (D:3)
  7 quokkas
  4 frilled lizards
  8 kobolds
  7 rats
139 creatures vanquished.

Vanquished Creatures (others)
  187 foxfires
187 creatures vanquished.

Grand Total: 326 creatures vanquished

Notes
Turn   | Place    | Note
-------+----------+-------------------------------------------
     0 | D:1      | Garessta the Djinni Ice Elementalist began the quest for
                  | the Orb.
     0 | D:1      | Garessta set off with the following spells memorised:
                  | Freeze, Frozen Ramparts, Ozocubu's Armour, Hailstorm.
     0 | D:1      | Reached XP level 1. HP: 15/15 MP: 0/0
   141 | D:1      | Reached XP level 2. HP: 21/22 MP: 0/0
  1019 | D:1      | Reached XP level 3. HP: 22/26 MP: 0/0
  1019 | D:1      | Learned a level 1 spell: Foxfire
  1168 | D:1      | Reached skill level 1 in Fighting
  1219 | D:2      | Noticed Jessica
  1228 | D:2      | Killed Jessica
  1229 | D:2      | Reached XP level 4. HP: 28/32 MP: 0/0
  1525 | D:2      | Noticed Robin
  1534 | D:2      | Killed Robin
  1920 | D:2      | Noticed Sigmund
  2224 | D:2      | Killed Sigmund
  2225 | D:2      | Reached XP level 5. HP: 15/39 MP: 0/0
  2225 | D:2      | Learned a level 2 spell: Wereblood
  2225 | D:2      | Reached XP level 6. HP: 17/45 MP: 0/0
  2454 | D:2      | Found a basalt altar of Yredelemnul.
  2527 | D:2      | Found a faded altar of an unknown god.
  3155 | D:3      | Noticed Natasha
  3158 | D:3      | Killed Natasha
  3422 | D:3      | Reached XP level 7. HP: 44/50 MP: 0/0
  3422 | D:3      | Learned a level 2 spell: Scorch
  3639 | D:3      | Found a broken altar of Ashenzari.
  3643 | D:3      | Noticed Natasha
  3652 | D:3      | Killed Natasha
  3653 | D:3      | Reached skill level 5 in Spellcasting
  4719 | D:4      | Found a hide-covered altar of Uskayaw.
  4906 | D:4      | Noticed Duvessa
  4991 | D:4      | Noticed Dowan
  4997 | D:4      | Killed Duvessa
  4998 | D:4      | Reached XP level 8. HP: 46/58 MP: 0/0
  4998 | D:4      | Killed Dowan
  5289 | D:5      | Entered Level 5 of the Dungeon
  5295 | D:5      | Reached skill level 5 in Dodging
  5977 | D:5      | Found a staircase to the Ecumenical Temple.
  5984 | Temple   | Entered the Ecumenical Temple
  5984 | Temple   | Found a transporter.
  5984 | Temple   | Found a transporter.
  5986 | Temple   | Found a transporter.
  5986 | Temple   | Found a transporter.
  6000 | Temple   | Became a worshipper of Makhleb the Destroyer
  6470 | D:6      | Reached skill level 1 in Invocations
  6475 | D:6      | Reached XP level 9. HP: 31/64 MP: 0/0
  6475 | D:6      | Learned a level 4 spell: Iskenderun's Mystic Blast
  6496 | D:6      | Reached skill level 5 in Fighting
  6496 | D:6      | Noticed Grinder
  6505 | D:6      | Slain by Grinder

Illustrated notes

Levels and vault maps discovered:
D:1:      dpeg_arrival_houses_and_road, layout_basic, st_stairs_13
D:2:      layout_basic, basic_altar, shapermc_ecumenical_altar_mp_highgroup,
          uniq_sigmund, uniq_jessica, uniq_robin
D:3:      minmay_roachtagon, layout_basic, evilmike_ruin_ashenzari, st_stairs_4,
          uniq_natasha
D:4:      layout_basic, old_standard_altar, uniq_duvessa
D:5:      layout_basic, minmay_temple_entry_tees,
          hangedman_abyss_or_decor_stagger
D:6:      layout_loops_ring, gup_sewer_entry_glass, uniq_blork_the_orc,
          uniq_edmund, uniq_grinder
Temple:   hellmonk_temple_divided_pantheon

Skill      XL: |  1  2  3  4  5  6  7  8  9 |
---------------+----------------------------+-----
Fighting       | 1 2 3 4 5 |  5.0
Dodging        | 3 4 5 6 |  6.0
Spellcasting   | 4 5 6 |  6.6
Invocations    | 1 |  1.5
Stealth        | |  1.5

Action                   |  1- 3 |  4- 6 |  7- 9 || total
-------------------------+-------+-------+-------++-------
Melee: Short sword       |     4 |     2 |       ||     6
       Unarmed           |     1 |       |       ||     1
       Rapier            |       |       |     4 ||     4
Throw: Boomerang         |       |       |     1 ||     1
 Cast: Freeze            |    32 |    44 |    53 ||   129
       Foxfire           |     4 |    48 |    74 ||   126
       Frozen Ramparts   |       |     4 |     6 ||    10
       Ozocubu's Armour  |       |     2 |     4 ||     6
       Scorch            |       |       |    29 ||    29
       Hailstorm         |       |       |     1 ||     1
 Stab: Sleeping          |     3 |     1 |     2 ||     6
Armor: Robe              |     1 |     2 |    13 ||    16
Dodge: Dodged            |    20 |    18 |    41 ||    79

Table legend: (Time is in decaauts)
 A = Elapsed time spent in this place.
 B = Non-inter-level travel time spent in this place.
 C = Inter-level travel time spent in this place.
 D = Time resting spent in this place.
 E = Time spent auto-exploring this place.
 F = Levels seen in this place.
 G = Mean time per level.
                   A        B        C        D        E       F      G
               +--------+--------+--------+--------+--------+-----+--------+
         Total |   6506 |   6361 |    145 |    398 |   5140 |   7 |  929.4 |
       Dungeon |   6459 |   6323 |    136 |    398 |   5128 |   6 | 1076.5 |
        Temple |     46 |     37 |      9 |      0 |     12 |   1 |   46.0 |
               +--------+--------+--------+--------+--------+-----+--------+

Top non-repeatable levels by time:
     D:1: 1436 daAuts
     D:2: 1415 daAuts
     D:4: 1248 daAuts
     D:3: 1189 daAuts
     D:5: 1105 daAuts
     D:6: 64 daAuts
  Temple: 46 daAuts
